 Dungeon Crawl Stone Soup version 0.30.1-4-g462c640d31 (webtiles) character file.

Game seed: 5129110276151957919

27198 hilljack the Markself (level 13, -6/76 (79) HPs)
             Began as a Deep Elf Hunter on Aug 17, 2023.
             Was a High Priest of Fedhas.
             Mangled by a death scarab (22 damage)
             ... in a Gauntlet.
             The game lasted 00:40:13 (13869 turns).

hilljack the Markself (Deep Elf Hunter)            Turns: 13869, Time: 00:40:14

HP:   -6/76 (79)    AC:  7    Str: 12    XL:     13   Next: 3%
MP:   0/22          EV: 23    Int: 15    God:    Fedhas [*****.]
Gold: 1217          SH:  0    Dex: 27    Spells: 12/12 levels left

rFire   + . .        a - +1 shortbow (flame)
rCold   . . .        (shield currently unavailable)
rNeg    . . .        g - +0 ring mail "Riets" {Dex+6}
rPois   .            f - +1 helmet
rElec   +            z - scarf {shadows}
rCorr   .            (no gloves)
SInv    .            (no boots)
Will    +....        u - amulet of guardian spirit
Stlth   +++          D - ring of protection from fire
HPRegen 0.32/turn    (no ring)
MPRegen 0.18/turn

%: no teleportation, guardian spirit
@: hasted and slowed, studying Shields, lightly drained
A: frail 1, high MP 1, electricity resistance, strong 1, subdued magic 1
a: Renounce Religion, Wall of Briars, Grow Ballistomycete, Overgrow, Grow Oklob


You were in a Gauntlet.
You worshipped Fedhas.
Fedhas was extremely pleased with you.
You visited 3 branches of the dungeon, and saw 14 of its levels.
You also visited: Ossuary, Bailey and Gauntlet.

You collected 1217 gold pieces.

Inventory:

Hand Weapons
 a - a +1 shortbow of flaming (weapon)
 b - a +5 great sword
Armour
 f - a +1 helmet (worn)
 g - the +0 ring mail "Riets" (worn) {Dex+6}
   (You found it on level 4 of the Dungeon)

   Dex:       It affects your dexterity (+6).
 p - a +0 cloak
 y - a +0 leather armour of cold resistance
 z - a scarf of shadows (worn)
Jewellery
 u - an amulet of guardian spirit (around neck)
 D - a ring of protection from fire (left hand)
Wands
 c - a wand of iceblast (10)
 G - a wand of polymorph (4)
 I - a wand of flame (9)
 J - a wand of paralysis (7)
Scrolls
 i - a scroll of enchant weapon
 j - a scroll of magic mapping
 l - 2 scrolls of teleportation
 m - a scroll of amnesia
 q - a scroll of fog
 x - a scroll of immolation
 E - a scroll of blinking
 F - 2 scrolls of silence
 H - a scroll of enchant armour
 K - a scroll of fear
Potions
 d - a potion of ambrosia
 e - 5 potions of haste
 h - 2 potions of invisibility {unknown}
 k - 4 potions of attraction
 n - 3 potions of berserk rage
 o - 9 potions of curing
 r - a potion of heal wounds
 s - 2 potions of lignification
 t - a potion of magic
 v - a potion of mutation
 w - 3 potions of resistance {unknown}
 A - a potion of flight
 B - 2 potions of might {unknown}
 C - a potion of brilliance {unknown}


   Skills:
 - Level 13.0 Fighting
 - Level 16.0 Ranged Weapons
 - Level 15.0 Dodging
 + Level 5.6 Stealth
 * Level 7.6 Invocations


You had 12 spell levels left.
You didn't know any spells.
Your spell library contained the following spells:

 Spells                   Type           Power      Damage    Failure   Level
 Freeze                   Ice            0%         1d3       47%         1
 Shock                    Conj/Air       0%         1d3       47%         1
 Blink                    Tloc           0%         N/A       63%         2
 Static Discharge         Conj/Air       0%         2-2/arc   63%         2
 Frozen Ramparts          Ice            0%         1d1       86%         3
 Hailstorm                Conj/Ice       0%         3d3       86%         3
 Swiftness                Air            0%         N/A       86%         3
 Airstrike                Air            0%         2d(0-16)  99%         4
 Ice Form                 Ice/Tmut       0%         N/A       99%         4
 Leda's Liquefaction      Hex/Erth       0%         N/A       99%         4
 Manifold Assault         Tloc           0%         N/A       99%         4
 Summon Ice Beast         Ice/Summ       0%         N/A       99%         4
 Summon Lightning Spire   Summ/Air       0%         N/A       99%         4
 Lee's Rapid Deconstruct  Erth           0%         3d4*      100%        5
 Statue Form              Tmut/Erth      0%         N/A       100%        6
 Storm Form               Tmut/Air       0%         N/A       100%        7


Dungeon Overview and Level Annotations

Branches:
Dungeon (11/15)            Temple (1/1) D:7            Lair (2/5) D:10
    Orc (0/2) D:10        Ossuary (visited)          Bailey (visited)
Gauntlet (1/1)
  Swamp: Lair:2-3    Shoals: Lair:2-3     Snake: Lair:2-3    Spider: Lair:2-3

Altars:
Ashenzari
Cheibriados
Dithmenos
Elyvilon
Fedhas
Gozag
Hepliaklqana
Kikubaaqudgha
Makhleb
Nemelex Xobeh
Okawaru
Qazlal
Ru
Sif Muna
Trog
Uskayaw
Vehumet
Wu Jian
Xom
Yredelemnul
Zin
The Shining One
Lugonu

Shops:
D:10 *

Annotations:
D:9 3 runed translucent doors, cowcol's ghost, novice MiFi Gauntlet 13 transporters


Innate Abilities, Weirdness & Mutations

You are frail. (-10% HP)
You have an increased reservoir of magic. (+10% MP)
You are resistant to electric shocks. (rElec)
Your muscles are strong. (Str +4, Int/Dex -1)
Your spells are a little easier to cast, but a little less powerful.


Message History

The death scarab bites you but does no damage.
The death scarab completely misses you.
You feel much better. The death scarab completely misses you.
Fire: a) +1 shortbow (flame)
Press: ? - help, Q - select action, (/) - cycle Shift-Dir - straight line, f/p - death scarab
Aim: a death scarab (lightly damaged, 67% to hit)
You shoot an arrow.
The arrow hits the death scarab but does no damage.
The death scarab is lightly damaged.
The death scarab closely misses you.
Fire: a) +1 shortbow (flame)
Press: ? - help, Q - select action, (/) - cycle Shift-Dir - straight line, f/p - death scarab
Aim: a death scarab (lightly damaged, 67% to hit)
You shoot an arrow. The arrow hits the death scarab!
The arrow burns the death scarab.
The death scarab is moderately damaged.
The death scarab bites you!!
* * * LOW HITPOINT WARNING * * *
The death scarab drains your vigour!
You feel as though you will be slow longer.
The death scarab draws strength from your injuries!
The death scarab completely misses you.
Fire: a) +1 shortbow (flame)
Press: ? - help, Q - select action, (/) - cycle Shift-Dir - straight line, f/p - death scarab
Aim: a death scarab (moderately damaged, 67% to hit)
You shoot an arrow.
The arrow closely misses the death scarab.
The death scarab bites you!
* * * LOW HITPOINT WARNING * * *
The death scarab draws strength from your injuries!
You feel much better. The death scarab bites you!
* * * LOW HITPOINT WARNING * * *
The death scarab drains your vigour!
You feel as though you will be slow longer.
The death scarab draws strength from your injuries!
You feel yourself speed up. The death scarab completely misses you.
The death scarab attacks as you move away!
The death scarab bites you!!
You die...
Fedhas appreciates your contribution to the ecosystem.

# ### ### ### ### ### ### #
#8# #8# #8# #8# #8# #8#
##########################
........................≈###
.........................#8#
.###########.###########.###
.#...[©}=..#.#..@B.##©##.#
.#.#...###.#.#..###.##.#.###
.#.###.h.#.#.#.##.##.#.#.#8#
.#...###...#.#.#.#.#.#.#.###
.#.#..©###.#.#.#.#©#.#.#.#
.#.###...#.#.#.#.#.#.#.#.###
.#...###...#.#)#.##.##.#.#8#
.#.#...###.#.#?##.###†.#.###
.#.........#.#.[##.....#.#


You could see a death scarab.

Vanquished Creatures
  A boulder beetle (D:8)
  A two-headed ogre (D:10)
  A death scarab (Gauntlet)
  A spectral hydra (Gauntlet)
  2 necromancers (Gauntlet)
  A spectral boulder beetle (Gauntlet)
  A cyclops (D:11)
  An elephant (D:10)
  2 cane toads (Lair:1)
  2 kobold demonologists
  3 komodo dragons
  2 hornets
  A spectral elephant (Gauntlet)
  4 blink frogs (Lair:2)
  Sigmund (D:1)
  Grinder (D:4)
  A wyvern (D:8)
  A shadow (D:11)
  Grum (D:10)
  3 wraiths
  A basilisk (Lair:1)
  7 yaks
  4 steam dragons
  5 vampire mosquitoes (D:10)
  Menkaure (D:4)
  4 water moccasins
  20 orc warriors
  2 ice beasts
  4 black bears
  12 wolves
  2 sky beasts (D:7)
  2 ogres
  12 centaurs
  A phantom (D:5)
  3 bullfrogs
  3 kobold brigands
  2 gnoll sergeants
  18 scorpions
  9 wights
  21 killer bees
  3 howler monkeys (D:10)
  3 centaur zombies (Ossuary)
  A jelly (D:7)
  9 orc priests
  3 hounds
  Crazy Yiuf (D:2)
  3 human zombies (Ossuary)
  3 gnoll boudas
  3 iguanas
  Jessica (D:3)
  Natasha (twice) (D:3)
  11 orc wizards
  5 scorpion zombies (Ossuary)
  Terence (D:2)
  3 mummies (Ossuary)
  Robin (D:1)
  23 gnolls
  8 adders
  5 worms
  A dart slug (D:2)
  38 orcs
  6 endoplasms
  2 giant cockroaches (D:1)
  3 gnoll zombies (Ossuary)
  18 goblins
  10 hobgoblins
  5 jackals
  2 quokkas
  6 ball pythons
  4 bats
  A frilled lizard (D:1)
  3 hobgoblin zombies (Ossuary)
  12 kobolds
  2 kobold zombies (Ossuary)
  An orc zombie (Ossuary)
  5 rats
  A spectral orc (D:4)
373 creatures vanquished.

Vanquished Creatures (collateral kills)
  2 orc warriors (D:9)
  A wight (D:8)
3 creatures vanquished.

Vanquished Creatures (others)
  2 orcs
  A butterfly (D:4)
3 creatures vanquished.

Grand Total: 379 creatures vanquished

Notes
Turn   | Place    | Note
-------+----------+-------------------------------------------
     0 | D:1      | hilljack the Deep Elf Hunter began the quest for the Orb.
     0 | D:1      | Reached XP level 1. HP: 12/12 MP: 3/3
    68 | D:1      | Reached XP level 2. HP: 16/16 MP: 4/4
    76 | D:1      | Reached skill level 6 in Ranged Weapons
   873 | D:2      | Noticed Sigmund
   891 | D:1      | Killed Sigmund
   892 | D:1      | Reached skill level 7 in Ranged Weapons
   892 | D:1      | Reached XP level 3. HP: 16/20 MP: 5/5
   892 | D:1      | Reached XP level 4. HP: 20/25 MP: 6/6
   892 | D:1      | Reached XP level 5. HP: 23/29 MP: 7/7
   920 | D:2      | Noticed Robin
   931 | D:1      | Killed Robin
  1053 | D:2      | Reached skill level 5 in Dodging
  1224 | D:2      | Noticed Terence
  1227 | D:2      | Killed Terence
  1228 | D:2      | Reached skill level 8 in Ranged Weapons
  1311 | D:2      | Reached XP level 6. HP: 34/34 MP: 8/8
  1398 | D:2      | Found a runed translucent door.
  1399 | D:2      | Noticed Crazy Yiuf
  1850 | D:2      | Killed Crazy Yiuf
  1954 | D:3      | Found a hide-covered altar of Uskayaw.
  2023 | D:3      | Noticed Natasha
  2027 | D:3      | Killed Natasha
  2115 | D:3      | Noticed Jessica
  2118 | D:3      | Killed Jessica
  2160 | D:3      | Found a stormy altar of Qazlal.
  2437 | D:3      | Noticed Natasha
  2449 | D:3      | Killed Natasha
  2505 | D:4      | Found a basalt altar of Yredelemnul.
  2610 | D:4      | Found a white marble altar of Elyvilon.
  2675 | D:4      | Reached skill level 9 in Ranged Weapons
  2675 | D:4      | Reached XP level 7. HP: 38/38 MP: 9/9
  2765 | D:4      | Found a glowing silver altar of Zin.
  2765 | D:4      | Noticed an angel
  2824 | D:4      | Noticed Menkaure
  2835 | D:4      | Killed Menkaure
  3249 | D:4      | Reached skill level 10 in Ranged Weapons
  3373 | D:4      | Noticed Grinder
  3374 | D:4      | Paralysed by Grinder for 5 turns
  3381 | D:4      | Gained mutation: Your spells are a little easier to cast,
                  | but a little less powerful. [potion of mutation]
  3381 | D:4      | Gained mutation: Your muscles are strong. (Str +4, Int/Dex
                  | -1) [potion of mutation]
  3381 | D:4      | Gained mutation: You have an increased reservoir of magic.
                  | (+10% MP) [potion of mutation]
  3381 | D:4      | Gained mutation: You are resistant to electric shocks.
                  | (rElec) [potion of mutation]
  3391 | D:4      | Killed Grinder
  3392 | D:4      | Reached XP level 8. HP: 22/43 MP: 10/10
  3513 | D:4      | Identified the +0 ring mail "Riets" {Dex+6}
  3667 | D:5      | Entered Level 5 of the Dungeon
  3801 | D:5      | Reached skill level 11 in Ranged Weapons
  4497 | D:6      | Found a broken altar of Ashenzari.
  4581 | D:6      | Found a sand-covered staircase.
  4601 | D:6      | Reached skill level 12 in Ranged Weapons
  4611 | Ossuary  | Entered an ossuary
  4734 | Ossuary  | Reached skill level 10 in Dodging
  4739 | Ossuary  | Reached XP level 9. HP: 44/47 MP: 11/11
  5208 | Ossuary  | Reached skill level 13 in Ranged Weapons
  5624 | D:6      | Found an ancient bone altar of Kikubaaqudgha.
  5680 | D:6      | Found a glowing golden altar of the Shining One.
  5687 | D:6      | Found a blossoming altar of Fedhas.
  5687 | D:6      | Found a shimmering altar of Xom.
  5691 | D:6      | Found a shimmering blue altar of Sif Muna.
  5692 | D:6      | Found a burning altar of Makhleb.
  5695 | D:6      | Became a worshipper of Fedhas Madash
  5827 | D:6      | Reached skill level 14 in Ranged Weapons
  5883 | D:6      | Found a shadowy altar of Dithmenos.
  6246 | D:7      | Found a staircase to the Ecumenical Temple.
  6294 | Temple   | Entered the Ecumenical Temple
  6357 | D:7      | Reached XP level 10. HP: 52/52 MP: 13/13
  6415 | D:7      | Reached * piety under Fedhas
  6529 | D:7      | Identified the +7 war axe of Havoc {freeze, Str+3}
  7096 | D:8      | Found a flagged portal.
  7112 | Bailey   | Entered a bailey
  7336 | Bailey   | Reached ** piety under Fedhas
  7601 | Bailey   | Reached skill level 15 in Ranged Weapons
  8178 | Bailey   | Reached skill level 10 in Fighting
  8178 | Bailey   | Reached XP level 11. HP: 73/73 MP: 14/14
  8742 | D:8      | Noticed a boulder beetle
  8772 | D:8      | Killed a boulder beetle
  8772 | D:8      | Reached *** piety under Fedhas
  8930 | D:8      | Reached skill level 16 in Ranged Weapons
  9938 | D:9      | Found an ornate altar of the Wu Jian Council.
  9952 | D:9      | Found a runed translucent gate.
  9952 | D:9      | Found a runed translucent gate.
  9952 | D:9      | Found a runed translucent gate.
  9957 | D:9      | Noticed cowcol's ghost (novice MiFi)
 10199 | D:9      | Reached skill level 15 in Dodging
 10199 | D:9      | Reached XP level 12. HP: 60/79 MP: 11/15
 10385 | D:9      | Reached **** piety under Fedhas
 10842 | D:10     | Entered Level 10 of the Dungeon
 11005 | D:10     | Found a staircase to the Orcish Mines.
 11113 | D:10     | Found Noozasah's General Store.
 11248 | D:10     | Noticed Grum
 11269 | D:10     | Killed Grum
 11498 | D:10     | Noticed a two-headed ogre
 11509 | D:10     | Gained mutation: You are frail. (-10% HP) [a neqoxec]
 11580 | D:11     | Reached skill level 1 in Invocations
 11591 | D:11     | Reached ***** piety under Fedhas
 12102 | D:10     | Killed a two-headed ogre
 12163 | D:10     | Found a staircase to the Lair.
 12271 | Lair:1   | Entered Level 1 of the Lair of Beasts
 12715 | Lair:1   | Reached skill level 5 in Invocations
 12989 | Lair:2   | Noticed a five-headed hydra
 13066 | Lair:2   | Found a gate leading to a gauntlet.
 13197 | Gauntlet | Entered a Gauntlet
 13197 | Gauntlet | Found a transporter.
 13207 | Gauntlet | Found a transporter.
 13222 | Gauntlet | Found a transporter.
 13224 | Gauntlet | Noticed a death scarab
 13224 | Gauntlet | Noticed a death scarab
 13225 | Gauntlet | Noticed a hell beast
 13227 | Gauntlet | Found a transporter.
 13242 | Gauntlet | Found a transporter.
 13261 | Gauntlet | Found a transporter.
 13273 | Gauntlet | Found a transporter.
 13285 | Gauntlet | Found a transporter.
 13297 | Gauntlet | Found a transporter.
 13309 | Gauntlet | Found a transporter.
 13311 | Gauntlet | Noticed a dire elephant
 13326 | Gauntlet | Found a transporter.
 13326 | Gauntlet | Found a transporter.
 13346 | Gauntlet | Found a transporter.
 13366 | Gauntlet | Found a transporter.
 13388 | Gauntlet | Found a transporter.
 13465 | Gauntlet | Found a transporter.
 13493 | Gauntlet | Found a transporter.
 13528 | Gauntlet | Found a transporter.
 13613 | Gauntlet | Reached skill level 5 in Stealth
 13796 | Gauntlet | Killed a death scarab
 13797 | Gauntlet | Reached XP level 13. HP: 79/79 MP: 22/22
 13869 | Gauntlet | Mangled by a death scarab

Illustrated notes

Levels and vault maps discovered:
D:1:      mrwooster_arrival_arrow, layout_basic, hangedman_feature_mirror
D:2:      layout_loops_ring, uniq_robin, uniq_crazy_yiuf_cottage, uniq_terence,
          uniq_sigmund
D:3:      layout_rooms, nicolae_qazlal_general_emergency,
          eat_drink_and_be_merry_uskayaw, minmay_misc_feat_rugged, uniq_jessica,
          uniq_natasha
D:4:      layout_basic, yredelemnul_forgotten_temple_becter, zin_angel,
          nicolae_elyvilon_peaceful_grove, uniq_menkaure, uniq_grinder
D:5:      kennysheep_spiral_hall, layout_loops_ring
D:6:      layout_loops_ring, mainiacjoe_overflow_boulevard,
          mainiacjoe_overflow_24_doors, minitemple, lemuel_round_altar,
          nicolae_ossuary_entry_ruins
D:7:      layout_rooms, minmay_temple_entry_nine_rooms, grunt_decor_fettered
D:8:      minmay_goldmine, layout_cave_pods, enter_bailey_3
D:9:      layout_loops_ring, nicolae_wu_jian_immortal_techniques,
          biasface_ghost_orc_armoury, minmay_fractal_squares_diagonal_5
D:10:     layout_rooms, david_lair_generic, orc_0_dummy,
          kennysheep_windowed_goal, uniq_grum
D:11:     layout_cave_pools, hellmonk_bongcloud_opening
Temple:   corrupted_temple
Lair:1:   layout_gridlike
Lair:2:   layout_roguey [special_room_bee], gauntlet_entry_generic,
          amcnicky_mini_pool_medium, lemuel_fruit_fields
Gauntlet: gammafunk_gauntlet_one_two_three [gammafunk_gauntlet_arena_split_x,
          gammafunk_gauntlet_arena_mazey, nicolae_gauntlet_arena_x,
          gammafunk_gauntlet_arena_hedges, nicolae_gauntlet_arena_t_cross,
          gammafunk_gauntlet_arena_grid, gammafunk_gauntlet_arena_teeth,
          nicolae_gauntlet_arena_grate_2, gammafunk_gauntlet_arena_spirals,
          gauntlet_exit_green]

Skill      XL: |  1  2  3  4  5  6  7  8  9 10 11 12 |
---------------+-------------------------------------+-----
Ranged Weapons | 7 8 9 10 12 14 15 16 | 16.0
Dodging        | 4 5 6 8 10 12 13 15 | 15.0
Fighting       | 10 13 | 13.0
Invocations    | 7 |  7.6
Stealth        | 5 |  5.6

Action                     |  1- 3 |  4- 6 |  7- 9 | 10-12 | 13-15 || total
---------------------------+-------+-------+-------+-------+-------++-------
  Melee: Unarmed           |       |       |     8 |       |       ||     8
         Long sword        |       |       |       |     2 |       ||     2
         Great sword       |       |       |       |    15 |     5 ||    20
   Fire: Shortbow          |    66 |   139 |   412 |   900 |    30 ||  1547
 Invoke: Wall of Briars    |       |       |       |     2 |       ||     2
  Evoke: Wand              |       |       |     4 |     3 |       ||     7
    Use: Scroll            |     2 |    12 |     7 |     6 |       ||    27
         Potion            |       |       |     4 |     2 |     3 ||     9
 Armour: Leather armour    |     4 |     1 |       |       |       ||     5
         Animal skin       |       |    10 |     5 |       |       ||    15
         Ring mail         |       |       |    35 |    53 |     5 ||    93
  Dodge: Dodged            |    14 |    40 |   160 |   455 |    29 ||   698
  Block: Other             |     6 |    12 |    43 |       |       ||    61
         Reflection        |       |     1 |     2 |       |       ||     3
